 Dungeon Crawl Stone Soup version 0.21.1-1-g345015f (webtiles) character file.

218 tkdonut the Shooter (level 5, -1/45 HPs)
             Began as a Centaur Hunter on July 10, 2018.
             Slain by an orc wizard
             ... wielding a +0 dagger
              (3 damage)
             ... on level 3 of the Dungeon.
             The game lasted 00:08:39 (2442 turns).

tkdonut the Shooter (Centaur Hunter)                Turns: 2442, Time: 00:08:40

Health: -1/45      AC:  5    Str: 15    XL:     5   Next: 63%
Magic:  5/5        EV: 10    Int: 10    God:
Gold:   96         SH:  0    Dex: 10    Spells: 4/4 levels left

rFire    . . .     SeeInvis .   w - +1 mace (crush)
rCold    . . .     Gourm    .   (no shield)
rNeg     . . .     Faith    .   c - +0 leather armour
rPois    .         Spirit   .   (no helmet)
rElec    .         Reflect  .   (no cloak)
rCorr    .         Harm     .   k - +0 pair of gloves
MR       .....                  (no barding)
Stlth    +.........             (no amulet)
HPRegen  0.15/turn              (no ring)
MPRegen  0.09/turn              (no ring)

@: very quick
A: large, hooves 3, deformed body, speed 2, tough skin 3
a: no special abilities


You were on level 3 of the Dungeon.
You were very hungry.

You visited 1 branch of the dungeon, and saw 3 of its levels.

You collected 96 gold pieces.

Inventory:

Hand Weapons
 a - a +1 shortbow
 b - a +0 short sword
 o - a +0 whip
 w - a +1 mace of crushing (weapon)
Missiles
 n - an arrow
Armour
 c - a +0 leather armour (worn)
 e - a +0 ring mail
 k - a +0 pair of gloves (worn)
Wands
 u - a wand of acid (4)
Scrolls
 j - 3 scrolls of remove curse {unknown}
 l - a scroll of enchant armour {unknown}
 m - 6 scrolls of identify {unknown}
 p - 2 scrolls of immolation {unknown}
 s - a scroll of fog {unknown}
 y - a scroll of blinking {unknown}
Potions
 d - a potion of brilliance {unknown}
 g - a potion of mutation {unknown}
 h - 2 potions of flight {unknown}
 i - a potion of might {unknown}
 q - 2 potions of agility {unknown}
 r - 2 potions of curing {unknown}
 t - a potion of heal wounds {unknown}
 v - a potion of berserk rage {unknown}
 x - a potion of ambrosia {unknown}
 z - a potion of cancellation {unknown}
Comestibles
 f - 2 rations


   Skills:
 + Level 3.2 Fighting
 + Level 1.1 Maces & Flails
 + Level 6.6 Bows
 + Level 2.3 Dodging
 + Level 1.6 Stealth


You had 4 spell levels left.
You didn't know any spells.

Dungeon Overview and Level Annotations

Branches:
Dungeon (3/15)

Altars:
Ashenzari
Hepliaklqana
Kikubaaqudgha
Yredelemnul
The Shining One


Innate Abilities, Weirdness & Mutations

You have hooves in place of feet.
Armour fits poorly on your strangely shaped body.
You cover ground very quickly.
You have extremely tough skin. (AC +3)


Message History

The orc wizard hits you with a dagger.
* * * LOW HITPOINT WARNING * * *
The orc wizard closely misses you. The orc wizard hits you with a dagger.
* * * LOW HITPOINT WARNING * * *
You barely miss the orc wizard. The orc wizard closely misses you.
The orc wizard hits you with a dagger.
* * * LOW HITPOINT WARNING * * *
The orc wizard misses you.
You barely miss the orc wizard.
The adder hisses angrily.
The orc wizard gestures at you while chanting.
The puff of flame hits you!
* * * LOW HITPOINT WARNING * * *
The orc wizard hits you but does no damage.
You miss the orc wizard.
The orc wizard hits you but does no damage.
The orc wizard hits you with a dagger.
* * * LOW HITPOINT WARNING * * *
The orc wizard hits you with a dagger.
You die...

.....##.## #.##.....
#.##.##.#
#.##.##.####.#
#######()..........#
#..((((.......#########
#.####..##.#...........
#((##.......######
#@.#####.##.# #oo#
#(##.# #S... ..##.##
..########...# .##
#..<##### .. #.....)(.
.. #####....#### #..
#...........#
............


You could see 2 orc wizards and an adder.

Vanquished Creatures
  2 orc wizards (D:3)
  7 adders
  An ooze (D:1)
  An adder skeleton (D:3)
  A worm (D:2)
  A dart slug (D:1)
  4 leopard geckos
  6 orcs (D:3)
  11 bats
  A giant cockroach (D:3)
  5 goblins
  4 hobgoblins
  9 jackals
  8 kobolds
  3 quokkas (D:2)
  A ball python (D:1)
  7 frilled lizards
  11 rats
83 creatures vanquished.

Notes
Turn   | Place    | Note
-------+----------+-------------------------------------------
     0 | D:1      | tkdonut the Centaur Hunter began the quest for the Orb.
     0 | D:1      | Reached XP level 1. HP: 17/17 MP: 1/1
   223 | D:1      | Reached XP level 2. HP: 19/24 MP: 2/2
   391 | D:1      | Reached XP level 3. HP: 27/30 MP: 3/3
   618 | D:1      | Reached skill level 1 in Stealth
  1024 | D:2      | Reached skill level 6 in Bows
  1070 | D:2      | Reached XP level 4. HP: 35/37 MP: 4/4
  1100 | D:2      | Found a glowing golden altar of the Shining One.
  1101 | D:2      | Found a hazy altar of Hepliaklqana.
  1101 | D:2      | Found a basalt altar of Yredelemnul.
  1103 | D:2      | Found an ancient bone altar of Kikubaaqudgha.
  1713 | D:2      | Found a shattered altar of Ashenzari.
  2226 | D:3      | Reached XP level 5. HP: 39/45 MP: 5/5
  2253 | D:3      | Reached skill level 1 in Maces & Flails
  2442 | D:3      | HP: 2/45 [orc wizard/dagger (4)]
  2442 | D:3      | Slain by an orc wizard

Skill      XL: |  1  2  3  4  5 |
---------------+----------------+-----
Stealth        | 1 |  1.6
Bows           | 6 |  6.6
Dodging        | 2 |  2.3
Fighting       | 3 |  3.2
Maces & Flails | 1 |  1.1

Action                   |  1- 3 |  4- 6 || total
-------------------------+-------+-------++-------
Melee: Whip              |       |    46 ||    46
       Short sword       |       |    39 ||    39
       Kick              |       |    22 ||    22
       Mace              |       |    27 ||    27
 Fire: Shortbow          |    98 |    66 ||   164
  Eat: Chunk             |       |     2 ||     2
Armor: Leather armour    |    13 |    60 ||    73
Dodge: Dodged            |    12 |    69 ||    81
